 Dungeon Crawl Stone Soup version 0.21.1-1-g345015fe64 (webtiles) character file.

4240 Gargoyl the Fighter (level 10, -7/88 HPs)
             Began as a Centaur Abyssal Knight on May 23, 2018.
             Was an Elder of Lugonu.
             Killed from afar by Psyche (8 damage)
             ... with a puff of frost
             ... on level 8 of the Dungeon.
             The game lasted 00:13:23 (9135 turns).

Gargoyl the Fighter (Centaur Abyssal Knight)        Turns: 9135, Time: 00:13:24

Health: -7/88      AC: 19    Str: 17    XL:     10   Next: 9%
Magic:  14/14      EV:  8    Int: 11    God:    Lugonu [****..]
Gold:   464        SH:  0    Dex: 10    Spells: 9/9 levels left

rFire    . . .     SeeInvis .   x - +3 scythe (venom)
rCold    . . .     Gourm    .   (shield currently unavailable)
rNeg     . . .     Faith    .   z - +1 scale mail {MR+}
rPois    .         Spirit   .   (no helmet)
rElec    .         Reflect  .   p - +1 cloak {MR+}
rCorr    .         Harm     .   b - +2 pair of gloves
MR       +++..                  (no barding)
Stlth    ..........             (no amulet)
HPRegen  0.24/turn              f - +5 ring of protection
MPRegen  0.14/turn              l - ring of protection from magic

@: lethally poisoned (-7 -> -8), drained, very quick
A: large, hooves 3, deformed body, speed 2, tough skin 3
a: Depart the Abyss, Bend Space, Banish, Corrupt, Renounce Religion


You were on level 8 of the Dungeon.
You worshipped Lugonu.
Lugonu was greatly pleased with you.
You were not hungry.

You visited 1 branch of the dungeon, and saw 8 of its levels.
You visited the Abyss 1 time.
You also visited: Ossuary.

You collected 464 gold pieces.

Inventory:

Hand Weapons
 a - a +1 hand axe
 x - a +3 scythe of venom (weapon)
Missiles
 d - 10 tomahawks (quivered)
 k - 6 poisoned javelins
Armour
 b - a +2 pair of gloves (worn)
 p - a +1 cloak of magic resistance (worn)
 z - a +1 scale mail of magic resistance (worn)
Jewellery
 f - a +5 ring of protection (left hand)
 l - a ring of protection from magic (right hand)
Wands
 e - a wand of random effects (14)
 g - a wand of flame (5)
 C - a wand of digging (13)
Scrolls
 i - 5 scrolls of identify
 v - 5 scrolls of remove curse
 y - a scroll of teleportation
Potions
 h - a potion of haste
 j - a potion of flight
 m - a potion of lignification
 o - 2 potions of curing
 q - a potion of invisibility {unknown}
 r - a potion of magic {unknown}
 t - 2 potions of mutation {unknown}
 u - 2 potions of resistance
 w - a potion of agility
Books
 n - a book of Cantrips

   Spells                             Type                      Level
   a - Confusing Touch                Hexes                        1
   b - Animate Skeleton               Necromancy                   1
   c - Summon Small Mammal            Summoning                    1
   d - Apportation                    Translocation                1
Comestibles
 c - 11 rations


   Skills:
 + Level 8.2(8.0) Fighting
 + Level 5.3(6.0) Axes
 + Level 4.8(5.7) Polearms
 * Level 5.7(5.5) Armour
 + Level 2.4(2.2) Dodging
 * Level 6.4(6.2) Invocations


You had 9 spell levels left.
You didn't know any spells.

Dungeon Overview and Level Annotations

Branches:
Dungeon (8/15)             Temple (0/1) D:4
   Lair: D:8-11

Altars:
Ashenzari
Dithmenos
Vehumet
Wu Jian
Yredelemnul


Innate Abilities, Weirdness & Mutations

You have hooves in place of feet.
Armour fits poorly on your strangely shaped body.
You cover ground very quickly.
You have extremely tough skin. (AC +3)


Message History

You feel sick. Something hits you but does no damage. Something hits you.
Something burns you.
The orc priest looks satisfied for a moment.
The orc wizard barely misses you.
You hear some strange, mumbled words.
A puff of frost appears from out of thin air!
The puff of frost hits you!
The orc priest calls down the wrath of Beogh upon you.
Beogh smites you!
* * * LOW HITPOINT WARNING * * *
The orc wizard hits you but does no damage.
You slice the orc priest!!
You kill the orc priest!
Lugonu accepts your kill.
You feel sick. Something hits you but does no damage.
You are electrocuted!
* * * LOW HITPOINT WARNING * * *
You hear some strange, mumbled words.
A puff of frost appears from out of thin air!
The puff of frost hits you!
You die...

######..
#......
#.....#
#.....+
#.....#
#.....#
#.....#
#@....#
#{o...#
......#
.......#
........#
.........#
..........+
#..........#


You could see an orc wizard.

Vanquished Creatures
  Joseph (D:7)
  Grinder (D:3)
  Sigmund (D:4)
  A yak (D:7)
  3 hogs (D:7)
  A human (D:7)
  A sky beast (D:6)
  A black bear (D:7)
  3 ogres
  2 centaurs
  A crocodile (D:7)
  A big kobold (D:7)
  A bullfrog (D:7)
  4 howler monkeys
  A crimson imp (D:7)
  6 orc priests
  3 hounds
  4 orc wizards
  Crazy Yiuf (D:6)
  2 centaur skeletons
  Ijyb (D:3)
  An iguana (D:6)
  5 worker ants
  12 mummies (Ossuary)
  3 worker ant zombies
  12 adders
  3 gnolls (D:3)
  2 oozes (D:2)
  2 adder skeletons
  An adder zombie (D:5)
  A worm (D:2)
  A dart slug (D:1)
  4 leopard geckos (D:4)
  22 orcs
  9 bats
  3 giant cockroaches
  2 goblins
  7 hobgoblins
  12 jackals
  12 kobolds
  5 quokkas
  4 ball pythons
  2 frilled lizards
  2 gnoll skeletons (Ossuary)
  3 goblin skeletons (Ossuary)
  A jackal zombie (D:5)
  2 kobold skeletons (Ossuary)
  A leopard gecko skeleton (D:7)
  An orc skeleton (Ossuary)
  3 rats
  11 rat skeletons (Ossuary)
  A fungus (D:6)
190 creatures vanquished.

Vanquished Creatures (collateral kills)
  A tentacled starspawn (Abyss:2)
  An ufetubus (Abyss:2)
2 creatures vanquished.

Vanquished Creatures (others)
  4 starspawn tentacles (Abyss:2)
4 creatures vanquished.

Grand Total: 196 creatures vanquished

Notes
Turn   | Place    | Note
-------+----------+-------------------------------------------
     0 | Abyss:1  | Gargoyl the Centaur Abyssal Knight began the quest for the Orb.
     0 | Abyss:1  | Reached XP level 1. HP: 19/19 MP: 2/2
    43 | Abyss:1  | Noticed a starcursed mass
    50 | Abyss:1  | Noticed a ynoxinul
   101 | Abyss:2  | Noticed a tentacled starspawn
   113 | Abyss:2  | Killed a tentacled starspawn
   113 | Abyss:2  | Reached skill level 7 in Fighting
   113 | Abyss:2  | Reached skill level 1 in Dodging
   113 | Abyss:2  | Reached XP level 2. HP: 34/34 MP: 2/4
   113 | Abyss:2  | Reached XP level 3. HP: 39/39 MP: 2/5
   113 | Abyss:2  | Reached XP level 4. HP: 47/47 MP: 2/6
   113 | Abyss:2  | Reached XP level 5. HP: 52/52 MP: 2/7
   113 | Abyss:2  | Reached XP level 6. HP: 60/60 MP: 2/8
   113 | Abyss:2  | Reached XP level 7. HP: 66/66 MP: 2/9
   189 | Abyss:2  | Noticed a chaos spawn
   194 | D:1      | Escaped the Abyss
   442 | D:1      | Reached * piety under Lugonu
  1737 | D:2      | Found a basalt altar of Yredelemnul.
  1737 | D:2      | Found an ornate altar of the Wu Jian Council.
  2225 | D:3      | Found a shattered altar of Ashenzari.
  2229 | D:3      | Noticed Ijyb
  2237 | D:3      | Noticed Grinder
  2245 | D:3      | Killed Ijyb
  2251 | D:3      | Paralysed by Grinder for 6 turns
  2266 | D:3      | Paralysed by Grinder for 2 turns
  2278 | D:3      | Killed Grinder
  2278 | D:3      | Reached XP level 8. HP: 32/73 MP: 9/11
  2527 | D:3      | Reached ** piety under Lugonu
  2762 | D:3      | Found a faded altar of an unknown god.
  2825 | D:3      | Found a radiant altar of Vehumet.
  3237 | D:4      | Found a sand-covered staircase.
  3251 | D:4      | Found a staircase to the Ecumenical Temple.
  3251 | D:4      | Noticed Sigmund
  3271 | Ossuary  | Entered an ossuary
  3488 | Ossuary  | Reached *** piety under Lugonu
  4070 | D:4      | Killed Sigmund
  4175 | D:4      | Reached skill level 5 in Axes
  4816 | D:4      | Reached skill level 5 in Invocations
  5008 | D:5      | Entered Level 5 of the Dungeon
  5031 | D:4      | Reached XP level 9. HP: 25/81 MP: 12/12
  5277 | D:4      | Reached skill level 1 in Polearms
  5699 | D:5      | Found a shadowy altar of Dithmenos.
  6796 | D:6      | Reached **** piety under Lugonu
  7198 | D:6      | Reached skill level 8 in Fighting
  7590 | D:6      | Got a glittering lead ring
  7591 | D:6      | Identified the ring "Oziorec" {-Tele rC+ rN+ Int+3} (You found it on level 6 of the Dungeon)
  7725 | D:6      | Found a runed door.
  7729 | D:6      | Noticed Crazy Yiuf
  7736 | D:6      | Killed Crazy Yiuf
  7988 | D:7      | Identified a scroll of acquirement
  8074 | D:7      | Reached skill level 5 in Armour
  8379 | D:7      | Noticed Joseph
  8397 | D:7      | Killed Joseph
  8616 | D:7      | Reached XP level 10. HP: 62/88 MP: 14/14
  9135 | D:8      | HP: 1/88 [something (20)]
  9135 | D:8      | Killed from afar by Psyche

Skill      XL: |  1  2  3  4  5  6  7  8  9 |
---------------+----------------------------+-----
Fighting       | 7 8 |  8.2
Axes           | 3 4 5 |  5.3
Armour         | 2 3 4 5 |  5.7
Dodging        | 1 2 |  2.4
Invocations    | 3 4 5 6 |  6.4
Polearms       | 4 |  4.8

Action                   |  1- 3 |  4- 6 |  7- 9 | 10-12 || total
-------------------------+-------+-------+-------+-------++-------
Melee: Hand axe          |       |       |   315 |       ||   315
       Kick              |       |       |   145 |     2 ||   147
       Scythe            |       |       |   251 |    20 ||   271
Invok: Depart the Abyss  |       |       |     1 |       ||     1
  Use: Scroll            |     1 |       |    18 |     1 ||    20
       Potion            |       |       |     6 |       ||     6
  Eat: Chunk             |       |       |    11 |     1 ||    12
       Ration            |       |       |     3 |       ||     3
Armor: Leather armour    |     2 |       |    12 |       ||    14
       Ring mail         |       |       |   302 |       ||   302
       Skin              |       |       |     7 |       ||     7
       Chain mail        |       |       |   144 |     1 ||   145
       Scale mail        |       |       |       |    16 ||    16
Dodge: Dodged            |     2 |       |   277 |    13 ||   292
